 Seeded DCSS version 0.29-a0-872-g797fff5 (webtiles) character file.

Game seed: 2710682688576464065 (custom seed)

37 AmazingTV the Stinger (level 3, -1/26 HPs)
             Began as a Ghoul Venom Mage on July 18, 2022.
             Slain by Terence
             ... wielding a +1 mace of protection
              (4 damage)
             ... on level 1 of the Dungeon.
             The game lasted 00:10:43 (1409 turns).

AmazingTV the Stinger (Ghoul Venom Mage)            Turns: 1409, Time: 00:10:44

Health: -1/26      AC:  2    Str: 11    XL:     3   Next: 39%
Magic:  5/5        EV: 12    Int: 10    God:
Gold:   59         SH:  0    Dex: 11    Spells: 5/6 levels left

rFire   . . .      SeeInvis .   (no weapon)
rCold   + . .      Faith    .   (no shield)
rNeg    + + +      Spirit   .   a - +0 robe
rPois   ∞          Reflect  .   (no helmet)
rElec   .          Harm     .   (no cloak)
rCorr   .          Rampage  .   (no gloves)
Will    .....                   (no boots)
Stlth   ++........              (no amulet)
HPRegen 0.00/turn               (no ring)
MPRegen 0.09/turn               (no ring)

@: inhibited regen
A: claws 1, cold resistance 1, negative energy resistance 3, inhibited
regeneration, torment resistance 2, devour on kill
a: no special abilities


You were on level 1 of the Dungeon.
You visited 1 branch of the dungeon, and saw 2 of its levels.

You collected 59 gold pieces.


Innate Abilities, Weirdness & Mutations

You are immune to poison.
You have sharp fingernails.
Your flesh is cold resistant. (rC+)
You are immune to negative energy. (rN+++)
You do not regenerate when monsters are visible.
You are immune to unholy pain and torment.
You thrive by killing the living.


   Skills:
 + Level 2.1 Dodging
 + Level 2.6 Stealth
 + Level 0.8 Unarmed Combat
 + Level 2.0 Spellcasting
 + Level 1.3 Transmutations
 + Level 3.3 Poison Magic


You had 5 spell levels left.
You knew the following spells:

 Your Spells              Type           Power      Damage    Failure   Level
a - Sting                 Tmut/Pois      20%        1d4       12%         1

Your spell library contained the following spells:

 Spells                   Type           Power      Damage    Failure   Level
 Poisonous Vapours        Pois/Air       8%         N/A       24%         2
 Mephitic Cloud           Conj/Pois/Air  3%         N/A       52%         3
 Olgreb's Toxic Radiance  Pois           7%         N/A       61%         4

Inventory:

Hand Weapons
 b - a +0 dagger {short}
   (You took it off a goblin on level 1 of the Dungeon)
 f - a +0 short sword {short}
   (You took it off a kobold on level 1 of the Dungeon)
 h - a +3 whip of venom {mace}
   (You found it on level 1 of the Dungeon)
 k - a +0 short sword {short}
   (You took it off a kobold on level 1 of the Dungeon)
 o - a +0 dagger {short}
   (You took it off a goblin on level 1 of the Dungeon)
 s - a +0 short sword {short}
   (You took it off a kobold on level 1 of the Dungeon)
 t - a +0 club {mace}
   (You took it off a goblin on level 1 of the Dungeon)
Missiles
 d - a throwing net {=f!f}
 l - 17 stones
Armour
 a - a +0 robe (worn)
 n - a +0 cloak
   (You found it on level 1 of the Dungeon)
 r - a +0 scale mail
   (You found it on level 1 of the Dungeon)
Scrolls
 e - 3 scrolls of identify {unknown}
 m - 2 scrolls of teleportation {unknown}
 p - 2 scrolls of enchant weapon {unknown}
Potions
 c - a potion of magic
 g - a potion of berserk rage {unknown}
 i - a potion of brilliance {unknown}
 j - a potion of mutation {unknown}
 q - a potion of heal wounds {unknown}

Dungeon Overview and Level Annotations

Branches:
Dungeon (2/15) Zot: 10591

Altars:

Annotations:
D:1 Terence

....##.....###.####..#.#....#
....##...†.# #..#####...#####
....##.....###..........#
....##..........#####.###
##########......# #.#
#......# #.# #......# #.#
#......## #.# #......@####.#
#......@#.##.####
######..>.##....#
####.#####.# #.# #.# #####.#
#.# #.....## #.#
#.###.†####.# #........##.#


You could see Terence.


Message History

You kill the kobold! 😎 MP[-1]
You lost 1 mp, and now have 4/5 mp.
A goblin comes into view. It is wielding a +0 club.
An endoplasm comes into view.
s - a +0 short sword {short} You see here a kobold corpse.
A rat comes into view.
The endoplasm quivers. 😎 MP[+1]
Your mp is fully restored (5).
The sting hits the endoplasm.
The endoplasm partially resists.
The endoplasm is poisoned. 😎 MP[-1]
You lost 1 mp, and now have 4/5 mp.
You scratch the endoplasm.
You kill the endoplasm!
You scratch the rat.
You kill the rat!
A goblin is nearby! 😎 MP[+1]
Your mp is fully restored (5).
The sting hits the goblin.
The goblin is poisoned.
The goblin shouts! 😎 MP[-1]
You lost 1 mp, and now have 4/5 mp.
You scratch the goblin.
You kill the goblin!
t - a +0 club {mace} You see here a goblin corpse.
l - 17 stones (gained 7)
There is an open door here.
There is a fountain of sparkling water here.
There is an open door here.
You see here a goblin corpse.
You see here a kobold corpse.
There is a stone staircase leading down here. 😎 MP[+1]
Your mp is fully restored (5).
You miscast Sting.
You are very lightly contaminated with residual magic.
Nothing appears to happen.
The bat misses you. 😎 MP[-1]
You lost 1 mp, and now have 4/5 mp.
You closely miss the bat. The bat hits you. 😕 HP[-1]
You take 1 damage, and now have 25/26 hp.
The sting hits the bat.
The bat is poisoned.
The bat closely misses you. 😕 MP[-1]
You lost 1 mp, and now have 3/5 mp.
You closely miss the bat.
You kill the bat!
You feel better. 😎 HP[+1]
Your hp is fully restored (26).
Your magical contamination has completely faded away.
You enter the shallow water.
Moving in this stuff is going to be slow.
Partly explored, unvisited transporter. 😎 MP[+2]
Your mp is fully restored (5).
Partly explored, unvisited transporter.
There is a transporter here.
You enter the transporter and appear at another place.
There is a staircase leading out of the dungeon here.
There is a transporter here.
You enter the transporter and appear at another place.
(D) Dungeon
Where to? (Enter - D:1 @ (x,y), ? - help)
What level of the Dungeon? (default 1, ? - help)
There is a stone staircase leading down here.
You climb downwards.
There is a stone staircase leading up here.
Terence is nearby!
The helpless Terence fails to defend himself.
You scratch Terence but do no damage.
Terence hits you with a +1 mace of protection. 😕 HP[-4]
You take 4 damage, and now have 22/26 hp.
You closely miss Terence. Terence closely misses you.
You scratch Terence but do no damage.
Terence hits you with a +1 mace of protection! 😮 HP[-7]
You take 7 damage, and now have 15/26 hp.
MASSIVE DAMAGE!! (PAUSE) Terence hits you with a +1 mace of protection.
* * * LOW HITPOINT WARNING * * *
You climb upwards.
There is a stone staircase leading down here. 😨 HP[-3]
You take 3 damage, and now have 12/26 hp.
Terence attacks as you move away!
Terence hits you with a +1 mace of protection!
* * * LOW HITPOINT WARNING * * *
😱 HP[-9]
You take 9 damage, and now have 3/26 hp.
MASSIVE DAMAGE!! (PAUSE) Terence attacks as you move away!
Terence hits you with a +1 mace of protection.
You die...

Skill      XL: |  1  2 |
---------------+-------+-----
Transmutations | 1 |  1.3
Dodging        | 2 |  2.1
Spellcasting   | 2 |  2.0
Stealth        | |  2.6
Unarmed Combat | |  0.8
Poison Magic   | |  3.3

Action                   || total
-------------------------++-------
Melee: Unarmed           ||    80
       Dagger            ||     1
 Cast: Sting             ||    22
 Stab: Sleeping          ||     3
Armor: Robe              ||    21
Dodge: Dodged            ||    66

Levels and vault maps discovered:
D:1:      spicycebolla_arrival_transporter_tutorial, layout_basic,
          hellmonk_ecumenical_altar_leap_of_faith, minmay_misc_feat_room,
          chequers_garden
D:2:      layout_basic, basic_altar, uniq_jessica, uniq_terence, uniq_natasha

Notes
Turn   | Place    | Note
-------+----------+-------------------------------------------
     0 | D:1      | AmazingTV the Ghoul Venom Mage began the quest for the Orb.
     0 | D:1      | Reached XP level 1. HP: 14/14 MP: 2/2
     0 | D:1      | magus.rc [v1.9.6]
    70 | D:1      | Reached skill level 1 in Transmutations
   311 | D:1      | Reached XP level 2. HP: 19/20 MP: 1/3
   347 | D:1      | Reached skill level 2 in Dodging
   606 | D:1      | Reached skill level 2 in Spellcasting
   892 | D:1      | Reached XP level 3. HP: 24/26 MP: 3/5
  1167 | D:1      | Found a faded altar of an unknown god.
  1401 | D:2      | Noticed Terence
  1408 | D:1      | HP: 3/26 [Terence/+1 mace of protection (9)]
  1409 | D:1      | Slain by Terence

Vanquished Creatures
  A dart slug (D:1)
  4 endoplasms (D:1)
  A giant cockroach (D:1)
  6 goblins (D:1)
  4 hobgoblins (D:1)
  4 kobolds (D:1)
  A quokka (D:1)
  3 ball pythons (D:1)
  3 bats (D:1)
  A frilled lizard (D:1)
  3 rats (D:1)
31 creatures vanquished.

Table legend:
 A = Non-vault XP
 B = Vault XP
 C = Vault XP percentage of total XP
 D = Non-vault monster count
 E = Vault monster count
 F = Vault count percentage of total count
                 A         B        C        D         E       F
            +---------+---------+-------+---------+---------+-------
      Total |      53 |       0 |   0.0 |      31 |       0 |   0.0
            +---------+---------+-------+---------+---------+-------
        D:1 |      53 |       0 |   0.0 |      31 |       0 |   0.0
            +---------+---------+-------+---------+---------+-------

Illustrated notes

Table legend:
 A = Kills in this place as a percentage of kills in entire the game.
 B = Kills by you in this place as a percentage of kills by you in the entire game.
 C = Kills by friends in this place as a percentage of kills by friends in the entire game.
 D = Other kills in this place as a percentage of other kills in the entire game.
 E = Experience gained in this place as a percentage of experience gained in the entire game.
 F = Experience gained in this place divided by the number of levels of this place that you have seen.
                   A       B       C       D       E      F
               +-------+-------+-------+-------+-------+----------------------
         Total | 100.0 | 100.0 |   N/A |   N/A | 100.0 |  26.5
       Dungeon | 100.0 | 100.0 |   N/A |   N/A | 100.0 |  26.5
               +-------+-------+-------+-------+-------+----------------------

Table legend: (Time is in decaauts)
 A = Elapsed time spent in this place.
 B = Non-inter-level travel time spent in this place.
 C = Inter-level travel time spent in this place.
 D = Time resting spent in this place.
 E = Time spent auto-exploring this place.
 F = Levels seen in this place.
 G = Mean time per level.
                   A        B        C        D        E       F      G
               +--------+--------+--------+--------+--------+-----+--------+
         Total |   1408 |   1327 |     81 |    629 |    182 |   2 |  704.0 |
       Dungeon |   1408 |   1327 |     81 |    629 |    182 |   2 |  704.0 |
               +--------+--------+--------+--------+--------+-----+--------+

Top non-repeatable levels by time:
     D:1: 1403 daAuts
     D:2: 4 daAuts
